 Dungeon Crawl Stone Soup version 0.29-a0-284-gf9362112df (webtiles) character file.

Game seed: 3189636741430347511

905 spaghetti the Fighter (level 7, -10/62 HPs)
             Began as a Demonspawn Cinder Acolyte on Mar 22, 2022.
             Was a Follower of Ignis.
             Mangled by an ogre
             ... wielding a +0 giant spiked club
              (13 damage)
             ... on level 5 of the Dungeon.
             The game lasted 00:09:29 (6498 turns).

spaghetti the Fighter (Demonspawn Cinder Acolyte)   Turns: 6498, Time: 00:09:30

Health: -10/62     AC:  6    Str: 14    XL:     7   Next: 80%
Magic:  0/8        EV: 11    Int: 22    God:    Ignis [*.....]
Gold:   279        SH:  0    Dex: 16    Spells: 1/8 levels left

rFire   + . .      SeeInvis .   q - +3 short sword (drain) {short}
rCold   . . .      Faith    .   (no shield)
rNeg    . . .      Spirit   +   b - +0 robe
rPois   .          Reflect  .   t - +0 helmet
rElec   .          Harm     .   (no cloak)
rCorr   .          Rampage  .   d - +0 pair of gloves
Will    .....                   (no boots)
Stlth   +++.......              r - amulet of guardian spirit
HPRegen 0.20/turn               h - +6 ring of dexterity
MPRegen 0.11/turn               x - +6 ring of intelligence

@: rising, flying
A: icy blue scales 1, powered by death 1, powered by pain 2
a: Renounce Religion, Fiery Armour, Foxfire Swarm


You were on level 5 of the Dungeon.
You worshipped Ignis.
Ignis was aware of your devotion.
You visited 1 branch of the dungeon, and saw 5 of its levels.
You also visited: Sewer.

You collected 279 gold pieces.


Innate Abilities, Weirdness & Mutations

You are partially covered in icy blue scales. (AC +2)
You regenerate a little health from kills.
You sometimes gain power by taking damage.


   Skills:
 - Level 8.1 Fighting
 - Level 2.6 Short Blades
 + Level 4.7 Stealth
 - Level 1.0 Spellcasting
 - Level 2.6 Fire Magic


You had one spell level left.
You knew the following spells:

 Your Spells              Type           Power      Damage    Failure   Level
a - Passwall              Tmut/Erth      0%         N/A       22%         2
b - Swiftness             Air            1%         N/A       41%         3
c - Ensorcelled Hibernat  Hex/Ice        2%         N/A       22%         2

Your spell library contained the following spells:

 Spells                   Type           Power      Damage    Failure   Level
 Sting                    Tmut/Pois      4%         1d3       16%         1
 Scorch                   Fire           24%        2d6       8%          2
 Poisonous Vapours        Pois/Air       2%         N/A       22%         2
 Olgreb's Toxic Radiance  Pois           1%         N/A       83%         4
 Iskenderun's Battlesphe  Conj           1%         2d6       99%         5
 Iron Shot                Conj/Erth      0%         9d1       100%        6
 Spellforged Servitor     Conj/Summ      0%         N/A       100%        7

Inventory:

Hand Weapons
 a - a -1 short sword of flaming {short}
 e - a +1 dagger of flaming {short}
   (You took it off a goblin on level 2 of the Dungeon)
 q - a +3 short sword of draining (weapon) {short}
   (You took it off Terence on level 3 of the Dungeon)
Missiles
 c - 137 stones (quivered) {throwing}
 l - 2 javelins {throwing}
 m - 7 poisoned darts {throwing}
Armour
 b - a +0 robe (worn)
 d - a +0 pair of gloves (worn)
   (You found it on level 1 of the Dungeon)
 t - a +0 helmet (worn)
   (You found it on level 3 of the Dungeon)
Jewellery
 h - a +6 ring of dexterity (left hand)
   (You found it on level 1 of the Dungeon)
 p - an amulet of faith {!P}
   (You found it on level 3 of the Dungeon)
 r - an amulet of guardian spirit (around neck)
   (You found it on level 3 of the Dungeon)
 x - a +6 ring of intelligence (right hand)
   (You found it on level 4 of the Dungeon)
 z - an amulet of regeneration {@e2}
   (You found it on level 4 of the Dungeon)
Scrolls
 n - 4 scrolls of teleportation {@r4}
 s - a scroll of enchant weapon
 w - a scroll of enchant armour {unknown}
 y - a scroll of blinking {!r}
Potions
 f - a potion of degeneration {!q@e2}
 g - 5 potions of curing {@q1}
 i - 4 potions of brilliance {unknown}
 j - a potion of lignification {unknown}
 k - a potion of flight {unknown}
 o - 5 potions of heal wounds {unknown}
 u - 2 potions of might {unknown}
 v - a potion of haste {unknown}

Dungeon Overview and Level Annotations

Branches:
Dungeon (5/15)              Sewer (visited)
 Temple: D:4-7

Altars:

Shops:
D:3

* #
##.......###.##.##..#
##.##.# # ##.....##
#........# #...### .#
##...## #######h##
###...### .# ##'##
#.# #.......#
.######.# ##### #.#
#........ .#......#
...# #># #........
#.####.## ###.###.#
###...##. #.###...##
#...O.h.# #...##.
##........# #.#@#####
######. ..........#
#.# #. ##.##.#.#.#
##.#.# ##
#.##.#.#.#......#
#.............###
#...[....#####
######.### #.# #####
#.#


You could see an ogre and a howler monkey.


Message History

You take 5 damage, and now have 48/62 hp.
You lost 1 mp, and now have 7/8 mp.
You feel sick. The killer bee closely misses you.
There is an open door here. 😮 HP[-2]
You take 2 damage, and now have 46/62 hp.
You feel sick. 😮 HP[-2]
You take 2 damage, and now have 44/62 hp.
You feel sick. The killer bee closely misses you.
The killer bee stings you! 😮 HP[-9] MP[-1]
You take 9 damage, and now have 35/62 hp.
You lost 1 mp, and now have 6/8 mp.
The killer bee attacks as you move away!
The killer bee barely misses you.
You feel sick. The killer bee stings you.
You are more poisoned.
The killer bee poisons you! The killer bee stings you.
* * * LOW HITPOINT WARNING * * *
You are more poisoned.
The killer bee poisons you! 😨 HP[-5]
You take 5 damage, and now have 30/62 hp.
Activating: Foxfire Swarm
Press: ? - help, Dir - look around, f - activate Flames leap up around you!
You feel very sick.
The killer bee stings you but does no damage.
The killer bee barely misses you. x2; The killer bee closely misses you.
The foxfire hits the ogre. 😨 HP[-4]
You take 4 damage, and now have 26/62 hp.
You feel very sick.
The foxfire hits the killer bee. x3; The foxfire hits the ogre.
The foxfire hits the killer bee.
The foxfire hits the ogre.
The foxfire hits the ogre but does no damage.
The foxfire hits the killer bee. x2
The foxfire hits the killer bee but does no damage.
The foxfire hits the ogre.
The foxfire hits the killer bee.
The foxfire hits the ogre.
The foxfire hits the killer bee. x3
You kill the killer bee!
The foxfire hits the killer bee.
You kill the killer bee! 😨 HP[-4]
You take 4 damage, and now have 22/62 hp.
You feel very sick.
The foxfire hits the ogre.
The howler monkey hoots and howls with incredible vigour! 😨 HP[-3]
You take 3 damage, and now have 19/62 hp.
You feel sick. 😨 HP[-1]
You take 1 damage, and now have 18/62 hp.
You feel sick. 😨 HP[-2] MP[+1]
You take 2 damage, and now have 16/62 hp.
You feel sick. 😱 HP[-1]
You take 1 damage, and now have 15/62 hp.
You feel sick. 😱 HP[-1]
You take 1 damage, and now have 14/62 hp.
You feel sick.
The howler monkey hoots and howls with incredible vigour!
There is an open door here. 😱 HP[-1]
You take 1 damage, and now have 13/62 hp.
You feel sick. 😱 HP[-1]
You take 1 damage, and now have 12/62 hp.
You close the door.
You feel sick. 😱 HP[-1]
You take 1 damage, and now have 11/62 hp.
You feel sick.
An ogre opens the door.
You feel sick.
You are no longer poisoned. 😱 HP[-1]
You take 1 damage, and now have 10/62 hp.
You aren't carrying any items that you can evoke. 😱 MP[+1]
Your mp is fully restored (8).
Found an escape hatch in the floor. 😱 HP[+1] Really read
y - a scroll of blinking {!r}?
Blink to where?
Press: ? - help, Dir - move target, f - you
Okay, then.
Unknown command. 😱 HP[+1]
There is an escape hatch in the floor here.
The ogre attacks as you move away!
The ogre hits you with a +0 giant spiked club!
* * * LOW HITPOINT WARNING * * *
😱 HP[-9] MP[-6]
You take 9 damage, and now have 3/62 hp.
You lost 6 mp, and now have 2/8 mp.
Okay, then.
You begin to rise into the air.
The ogre attacks as you move away!
The ogre hits you with a +0 giant spiked club!
You die...

Skill      XL: |  1  2  3  4  5  6  7 |
---------------+----------------------+-----
Fighting       | 4 5 7 8 |  8.1
Stealth        | 4 |  4.7
Short Blades   | |  2.6
Spellcasting   | |  1.0
Fire Magic     | |  2.6

Action                   |  1- 3 |  4- 6 |  7- 9 || total
-------------------------+-------+-------+-------++-------
Melee: Short sword       |    14 |    91 |    41 ||   146
       Dagger            |    79 |    55 |       ||   134
       Punch             |     2 |     3 |     1 ||     6
Throw: Stone             |    27 |    38 |     6 ||    71
Invok: Foxfire Swarm     |     1 |     6 |     1 ||     8
       Rising Flame      |       |       |     1 ||     1
  Use: Scroll            |     4 |     4 |     1 ||     9
       Potion            |     1 |       |       ||     1
 Stab: Sleeping          |       |     5 |     1 ||     6
Armor: Robe              |    23 |    46 |     9 ||    78
Dodge: Dodged            |    30 |    81 |    28 ||   139

Levels and vault maps discovered:
D:1:      saegor_arrival_miasma, layout_basic, kennysheep_small_spiral
D:2:      layout_basic
D:3:      layout_basic, hellmonk_ecumenical_altar_watching_god, serial_shops,
          shop_fountains, uniq_jessica, uniq_terence
D:4:      layout_cave_pools, portal_sewer_entry_f,
          chequers_serial_rivers_micro_b, minivault_24, minmay_stone_trees_small
D:5:      layout_loops_corners, minmay_manual_moon

Notes
Turn   | Place    | Note
-------+----------+-------------------------------------------
     0 | D:1      | spaghetti the Demonspawn Cinder Acolyte began the quest for
                  | the Orb.
     0 | D:1      | Reached XP level 1. HP: 18/18 MP: 2/2
     0 | D:1      | magus.rc [v1.9.6]
   386 | D:2      | Gained mutation: You are partially covered in icy blue
                  | scales. (AC +2) [demonic ancestry]
   386 | D:2      | Reached XP level 2. HP: 12/24 MP: 3/3
   926 | D:1      | Reached skill level 4 in Fighting
  1291 | D:2      | Gained mutation: You sometimes gain a little power by
                  | taking damage. [demonic ancestry]
  1291 | D:2      | Reached XP level 3. HP: 22/30 MP: 4/4
  1979 | D:2      | HP: 7/31 [iguana (8)]
  1983 | D:2      | HP: 1/31 [iguana (6)]
  1987 | D:2      | Gained mutation: You sometimes gain power by taking damage.
                  | [demonic ancestry]
  1987 | D:2      | Reached XP level 4. HP: 9/38 MP: 5/5
  2241 | D:2      | Reached skill level 5 in Fighting
  2901 | D:3      | HP: 9/39 [worm (8)]
  3388 | D:3      | Noticed Terence
  3399 | D:3      | Killed Terence
  3400 | D:3      | Gained mutation: You regenerate a little health from kills.
                  | [demonic ancestry]
  3400 | D:3      | Reached XP level 5. HP: 19/46 MP: 6/6
  3777 | D:3      | Found a faded altar of an unknown god.
  3778 | D:3      | Noticed a great orb of eyes
  3803 | D:3      | Noticed a great orb of eyes
  3808 | D:3      | Noticed a great orb of eyes
  3822 | D:3      | Noticed a shining eye
  4224 | D:3      | Found Axuko's General Store.
  4248 | D:3      | Reached skill level 6 in Fighting
  4260 | D:3      | Noticed Jessica
  4274 | D:3      | Killed Jessica
  4708 | D:4      | Noticed an ogre
  4887 | D:4      | You pick up a book of Power and begin reading...
  4887 | D:4      | You add the spells Iskenderun's Battlesphere, Iron Shot and
                  | Spellforged Servitor to your library.
  4915 | D:4      | Reached skill level 7 in Fighting
  4915 | D:4      | Reached XP level 6. HP: 55/55 MP: 7/7
  5078 | D:4      | Found a glowing drain.
  5109 | Sewer    | Entered a sewer
  5125 | Sewer    | Noticed Pargi
  5128 | Sewer    | Killed Pargi
  5571 | D:4      | Reached skill level 8 in Fighting
  5571 | D:4      | Reached XP level 7. HP: 62/62 MP: 8/8
  5691 | D:4      | You pick up a book of Burglary and begin reading...
  5691 | D:4      | You add the spells Passwall, Ensorcelled Hibernation and
                  | Swiftness to your library.
  5695 | D:4      | Learned a level 2 spell: Passwall
  5699 | D:4      | Learned a level 3 spell: Swiftness
  5702 | D:4      | Learned a level 2 spell: Ensorcelled Hibernation
  5736 | D:5      | Entered Level 5 of the Dungeon
  5747 | D:4      | Reached skill level 2 in Stealth
  5861 | D:5      | Reached skill level 3 in Stealth
  6366 | D:5      | Reached skill level 4 in Stealth
  6437 | D:5      | You add the spells Sting, Poisonous Vapours and Olgreb's
                  | Toxic Radiance to your library.
  6475 | D:5      | HP: 15/62 [poisoned by a killer bee]
  6480 | D:5      | HP: 11/62 [poisoned by a killer bee]
  6495 | D:5      | HP: 2/62 [ogre/+0 giant spiked club (10)]
  6498 | D:5      | Mangled by an ogre

Vanquished Creatures
  An ice beast (D:4)
  Pargi (Sewer)
  An ogre (D:4)
  A bullfrog (D:5)
  A necrophage (D:4)
  A scorpion (D:4)
  2 killer bees (D:5)
  A hound (D:5)
  An orc priest (D:4)
  Jessica (D:3)
  Terence (D:3)
  2 iguanas
  8 adders
  3 gnolls (D:2)
  A white imp (D:5)
  3 worms
  2 dart slugs
  6 orcs
  3 endoplasms
  9 giant cockroaches
  3 goblins
  4 hobgoblins
  5 quokkas
  11 ball pythons
  4 bats
  7 frilled lizards
  8 kobolds
  10 rats
101 creatures vanquished.

Vanquished Creatures (others)
  106 foxfires
106 creatures vanquished.

Grand Total: 207 creatures vanquished

Table legend:
 A = Non-vault XP
 B = Vault XP
 C = Vault XP percentage of total XP
 D = Non-vault monster count
 E = Vault monster count
 F = Vault count percentage of total count
                 A         B        C        D         E       F
            +---------+---------+-------+---------+---------+-------
      Total |    1062 |     231 |  17.9 |      86 |      15 |  14.9
            +---------+---------+-------+---------+---------+-------
        D:1 |      25 |       0 |   0.0 |      15 |       0 |   0.0
        D:2 |     141 |       0 |   0.0 |      26 |       0 |   0.0
        D:3 |      73 |      73 |  50.0 |      23 |       2 |   8.0
        D:4 |     499 |      12 |   2.3 |      15 |       6 |  28.6
        D:5 |     324 |       0 |   0.0 |       7 |       0 |   0.0
      Sewer |       0 |     146 | 100.0 |       0 |       7 | 100.0
            +---------+---------+-------+---------+---------+-------

Illustrated notes

Table legend:
 A = Kills in this place as a percentage of kills in entire the game.
 B = Kills by you in this place as a percentage of kills by you in the entire game.
 C = Kills by friends in this place as a percentage of kills by friends in the entire game.
 D = Other kills in this place as a percentage of other kills in the entire game.
 E = Experience gained in this place as a percentage of experience gained in the entire game.
 F = Experience gained in this place divided by the number of levels of this place that you have seen.
                   A       B       C       D       E      F
               +-------+-------+-------+-------+-------+----------------------
         Total | 100.0 | 100.0 |   N/A |   N/A | 100.0 | 215.5
       Dungeon |  93.1 |  93.1 |   N/A |   N/A |  88.7 | 229.4
         Sewer |   6.9 |   6.9 |   N/A |   N/A |  11.3 | 146.0
               +-------+-------+-------+-------+-------+----------------------

Table legend: (Time is in decaauts)
 A = Elapsed time spent in this place.
 B = Non-inter-level travel time spent in this place.
 C = Inter-level travel time spent in this place.
 D = Time resting spent in this place.
 E = Time spent auto-exploring this place.
 F = Levels seen in this place.
 G = Mean time per level.
                   A        B        C        D        E       F      G
               +--------+--------+--------+--------+--------+-----+--------+
         Total |   6536 |   6275 |    261 |   1784 |   3558 |   6 | 1089.3 |
       Dungeon |   6245 |   5984 |    261 |   1684 |   3421 |   5 | 1249.0 |
         Sewer |    290 |    290 |      0 |    100 |    137 |   1 |  290.0 |
               +--------+--------+--------+--------+--------+-----+--------+

Top non-repeatable levels by time:
     D:2: 1862 daAuts
     D:3: 1611 daAuts
     D:1: 1326 daAuts
     D:4: 792 daAuts
     D:5: 652 daAuts
   Sewer: 290 daAuts
